 Dungeon Crawl Stone Soup version 0.20.0-15-g7f486f2 (webtiles) character file.

1544 Monsterracer the Spear-Bearer (level 8, -5/53 HPs)
             Began as a Tengu Wanderer on June 26, 2017.
             Was an Initiate of Gozag.
             Slain by a two-headed ogre
             ... wielding a +0 dire flail
              (12 damage)
             ... on level 6 of the Dungeon.
             The game lasted 00:21:36 (5697 turns).

Monsterracer the Spear-Bearer (Tengu Wanderer)      Turns: 5697, Time: 00:21:37

Health: -5/53      AC: 11    Str: 14    XL:     8   Next: 87%
Magic:  8/9        EV: 13    Int: 20    God:    Gozag
Gold:   452        SH:  0    Dex: 13    Spells: 6/7 levels left

rFire    . . .     SeeInvis .   y - +1 trident (pain)
rCold    . . .     Gourm    .   (no shield)
rNeg     + . .     Faith    .   q - +1 scale mail
rPois    +         Spirit   .   (helmet restricted)
rElec    .         Reflect  .   p - +2 cloak
rCorr    .         Harm     .   (no gloves)
MR       .....                  (boots unavailable)
Stlth    +.........             (no amulet)
Regen    0.2/turn               b - +4 ring of intelligence
MPRegen  0.2/turn               x - ring of positive energy

@: flying quickly and evasively (expiring), quick
A: beak, talons 3, clever 1, poison resistance, robust 1, able to fly 1
a: Potion Petition, Call Merchant, Bribe Branch, Renounce Religion


You were on level 6 of the Dungeon.
You worshipped Gozag.
Gozag was aware of your devotion.
You were not hungry.

You visited 2 branches of the dungeon, and saw 7 of its levels.

You collected 500 gold pieces.
You paid 48 gold pieces to Gozag.

Inventory:

Hand Weapons
 y - a +1 trident of pain (weapon)
Missiles
 d - 12 tomahawks (quivered)
 k - 5 javelins
 o - 27 poisoned needles
Armour
 a - the +0 ring mail "Jirch" {rC++ Int+3 Dex-5}
   (You found it on level 6 of the Dungeon)

   It affects your intelligence (+3).
   It affects your dexterity (-5).
   It greatly protects you from cold.
 p - a +2 cloak (worn)
 q - a +1 scale mail (worn)
Jewellery
 b - a +4 ring of intelligence (left hand)
 h - an uncursed ring of fire
 t - an uncursed ring of resist corrosion
 x - a ring of positive energy (right hand)
Wands
 e - a wand of paralysis (17/24)
Scrolls
 c - 2 scrolls of teleportation
 l - 2 scrolls of magic mapping
 m - 3 scrolls of identify
 n - 3 scrolls of remove curse
Potions
 f - a potion of mutation
 s - 2 potions of might
 w - a potion of heal wounds
Books
 r - the Compendium of Enchantment and Calling
   (You found it on level 4 of the Dungeon)

   Spells                             Type                      Level
   a - Summon Butterflies             Summoning                    1
   b - Summon Small Mammal            Summoning                    1
   c - Summon Guardian Golem          Hexes/Summoning              3
   d - Summon Lightning Spire         Summoning/Air                4
   e - Summon Mana Viper              Hexes/Summoning              5
Comestibles
 g - 5 meat rations
 i - 5 royal jellies


   Skills:
 + Level 5.1 Fighting
 * Level 8.5 Polearms
 + Level 3.0 Throwing
 + Level 3.7 Armour
 + Level 4.5 Dodging
 - Level 3.0 Stealth
 + Level 2.6 Summonings


You had 6 spell levels left.
You knew the following spells:

 Your Spells              Type           Power        Failure   Level  Hunger
a - Summon Butterflies    Summ           ##......     26%         1    ##.....


Dungeon Overview and Level Annotations

Branches:
Dungeon (6/15)             Temple (1/1) D:4

Altars:
Ashenzari
Cheibriados
Dithmenos
Elyvilon
Fedhas
Gozag
Hepliaklqana
Kikubaaqudgha
Nemelex Xobeh
Okawaru
Qazlal
Ru
Sif Muna
Trog
Uskayaw
Xom
Yredelemnul
Zin
The Shining One

Annotations:
D:3 Sigmund


Innate Abilities, Weirdness & Mutations

You have a beak for a mouth.
You have claws for feet.
You can fly.
Your mind is acute. (Int +2)
Your system is resistant to poisons. (rPois)
You are robust. (+10% HP)


Message History

The two-headed ogre is almost dead.
Attack whom?
Press: ? - help, Dir - move target cursor, f/p - two-headed ogre
Aim: a two-headed ogre, wielding a dire flail and a giant club (almost dead)
You hit the two-headed ogre but do no damage.
You claw the two-headed ogre.
The two-headed ogre is almost dead.
You are starting to lose your buoyancy.
The two-headed ogre misses you. x2
Attack whom?
Press: ? - help, Dir - move target cursor, f/p - two-headed ogre
Aim: a two-headed ogre, wielding a dire flail and a giant club (almost dead)
You hit the two-headed ogre but do no damage.
You peck the two-headed ogre.
The two-headed ogre is almost dead.
The two-headed ogre hits you with a dire flail.
* * * LOW HITPOINT WARNING * * *
The two-headed ogre hits you with a giant club!
You die...
Your body crumbles into a pile of gold.

###...#
#.'...#
#.#...#
########.#...#
#........#...#
#........#.b.#
#.......##bbb#
#.......<#..O#
#........#..@#
#........#...#
#.......######
#.......#
#.......#
#.......#
.......


You could see a two-headed ogre.

Vanquished Creatures
  The ghost of torrenera the Grave Robber, an amateur DDNe (D:5)
  A hippogriff (D:6)
  Sigmund (D:3)
  An ogre (D:5)
  A phantom (D:5)
  A bullfrog (D:6)
  3 jellies (D:3)
  2 crimson imps (D:6)
  3 hounds
  A bullfrog zombie (D:4)
  3 orc priests
  Terence (D:2)
  An orc wizard (D:5)
  4 worker ants
  A worker ant zombie (D:5)
  3 gnolls (D:4)
  4 adders
  13 oozes
  An adder skeleton (D:5)
  4 worms
  2 dart slugs
  2 leopard geckos (D:3)
  13 orcs
  A ball python (D:2)
  3 giant cockroaches
  11 goblins
  11 hobgoblins
  9 jackals (D:3)
  2 quokkas
  11 bats
  7 frilled lizards
  14 kobolds
  A quokka skeleton (D:5)
  A rat (D:1)
138 creatures vanquished.

Vanquished Creatures (others)
  A fungus (D:3)
  6 toadstools (D:3)
7 creatures vanquished.

Grand Total: 145 creatures vanquished

Notes
Turn   | Place    | Note
-------+----------+-------------------------------------------
     0 | D:1      | Monsterracer the Tengu Wanderer began the quest for the Orb.
     0 | D:1      | Monsterracer set off with: a +2 spear, a potion of lignification, a scroll of teleportation, a +0 robe, a +0 dagger, a bread ration
     0 | D:1      | Reached XP level 1. HP: 15/15 MP: 2/2
    60 | D:1      | Reached skill level 1 in Polearms
   132 | D:1      | Reached XP level 2. HP: 20/20 MP: 3/3
   140 | D:1      | Reached skill level 2 in Polearms
   422 | D:1      | Reached XP level 3. HP: 23/24 MP: 4/4
   753 | D:2      | Reached skill level 3 in Polearms
   939 | D:2      | Noticed Terence
   955 | D:2      | Killed Terence
   955 | D:2      | Reached skill level 4 in Polearms
   955 | D:2      | Reached XP level 4. HP: 15/29 MP: 5/5
  1492 | D:3      | Noticed Sigmund
  1707 | D:3      | Found a shattered altar of Ashenzari.
  1711 | D:3      | Saw a vision of the Shoals and the Snake Pit.
  1711 | D:3      | Noticed a naga
  1711 | D:3      | Noticed a merfolk
  1711 | D:3      | Noticed a naga mage
  1711 | D:3      | Noticed a merfolk
  1711 | D:3      | Noticed a naga mage
  1711 | D:3      | Noticed a black mamba
  1711 | D:3      | Noticed a merfolk
  1711 | D:3      | Noticed a merfolk siren
  1712 | D:3      | Noticed an anaconda
  1712 | D:3      | Noticed a centaur
  1712 | D:3      | Noticed a mana viper
  1713 | D:3      | Noticed a merfolk siren
  1809 | D:3      | Gained mutation: You can fly. [Tengu growth]
  1809 | D:3      | Reached XP level 5. HP: 33/33 MP: 6/6
  1813 | D:3      | Reached skill level 5 in Polearms
  1844 | D:3      | Killed Sigmund
  1844 | D:3      | Reached skill level 6 in Polearms
  1844 | D:3      | Reached XP level 6. HP: 38/38 MP: 7/7
  1854 | D:3      | Gained mutation: Your system is resistant to poisons. (rPois) [potion of mutation]
  1854 | D:3      | Gained mutation: Your mind is acute. (Int +2) [potion of mutation]
  1854 | D:3      | Gained mutation: You are robust. (+10% HP) [potion of mutation]
  2508 | D:3      | Reached skill level 1 in Throwing
  2508 | D:3      | Reached XP level 7. HP: 43/47 MP: 8/8
  2707 | D:4      | Reached skill level 7 in Polearms
  2937 | D:4      | Identified the Compendium of Enchantment and Calling
  2941 | D:4      | Learned a level 1 spell: Summon Butterflies
  2945 | D:4      | Found a staircase to the Ecumenical Temple.
  2953 | Temple   | Entered the Ecumenical Temple
  3020 | Temple   | Became a worshipper of Gozag Ym Sagoz the Greedy
  3440 | D:5      | Entered Level 5 of the Dungeon
  3964 | D:5      | Found a white marble altar of Elyvilon.
  4032 | D:5      | Reached skill level 1 in Summonings
  4038 | D:5      | Reached XP level 8. HP: 47/52 MP: 5/9
  4070 | D:5      | Found a bloodstained altar of Trog.
  4254 | D:5      | Noticed torrenera's ghost (amateur DDNe)
  4265 | D:5      | Killed torrenera's ghost
  4326 | D:5      | Reached skill level 8 in Polearms
  4975 | D:6      | Got a jewelled ring mail
  4986 | D:6      | Identified the cursed +0 ring mail "Jirch" {rC++ Int+3 Dex-5} (You found it on level 6 of the Dungeon)
  5037 | D:6      | Reached skill level 5 in Fighting
  5094 | D:6      | Found a sacrificial altar of Ru.
  5139 | D:6      | Noticed a two-headed ogre
  5615 | D:6      | Noticed a hippogriff
  5629 | D:6      | Killed a hippogriff
  5697 | D:6      | Slain by a two-headed ogre

Skill      XL: |  1  2  3  4  5  6  7  8 |
---------------+-------------------------+-----
Polearms       | 1 2 4 6 7 8 |  8.5
Throwing       | 1 2 3 |  3.0
Armour         | 2 3 |  3.7
Dodging        | 3 4 |  4.5
Summonings     | 1 2 |  2.6
Fighting       | 5 |  5.1
Stealth        | |  3.0

Action                   |  1- 3 |  4- 6 |  7- 9 || total
-------------------------+-------+-------+-------++-------
Melee: Spear             |    88 |   181 |   124 ||   393
       Kick              |    11 |    41 |    55 ||   107
       Peck              |     7 |    20 |    48 ||    75
       Trident           |       |       |   154 ||   154
Throw: Javelin           |     3 |       |     5 ||     8
       Tomahawk          |       |       |    10 ||    10
       Throwing net      |       |       |     1 ||     1
 Cast: Summon Butterflie |       |       |     2 ||     2
 Abil: Fly               |       |       |     6 ||     6
Evoke: Wand              |       |       |     2 ||     2
  Use: Potion            |     3 |     3 |     2 ||     8
       Scroll            |       |       |    12 ||    12
 Stab: Sleeping          |     6 |     1 |       ||     7
       Paralysed         |       |       |     6 ||     6
  Eat: Chunk             |       |     4 |     2 ||     6
       Bread ration      |       |       |     3 ||     3
Armor: Robe              |    10 |     1 |       ||    11
       Scale mail        |       |    27 |    56 ||    83
       Skin              |       |    14 |       ||    14
Dodge: Dodged            |    33 |    52 |    87 ||   172
